AoeStats
← Tomachela

Arena

509624016Analyzed
1v1 RM · 5d ago on Sep 27, 2026· 59m 4s· 2 players
Game mode
Random Map
Map size
Tiny (2 player)
Population
200
Speed
Normal
Resources
Standard
Victory
Conquest
Starting age
Dark Age
Ending age
Imperial Age
RankedLock teamsTeams togetherTeam positionsShared explorationLock speedFull tech treeHidden civsTurbo modeCheats
Victory
Defeat
🇧🇷 Jurchens · Brazil
664
+16
🇨🇱 Franks · Chile
665
-16
SuperDog
0:28 Loom
13:10 Feudal Age
14:50 Wheelbarrow
14:03 Double-Bit Axe
14:00 Horse Collar
19:04 Fletching
22:23 Castle Age
20:45 Stone Mining
20:54 Gold Mining
21:17 Forging
21:28 Scale Mail Armor
23:14 Squires
22:36 Pikeman
23:04 Gambesons
23:52 Hand Cart
23:49 Bow Saw
23:42 Heavy Plow
24:18 Scale Barding Armor
26:41 Murder Holes
27:08 Ballistics
27:50 Iron Casting
27:54 Gold Shaft Mining
27:29 Arson
28:02 Fervor
28:18 Masonry
29:04 Fortified Wall
34:51 Imperial Age
32:34 Treadmill Crane
33:42 Bodkin Arrow
34:19 Siege Engineers
34:55 Chain Mail Armor
35:00 Chain Barding Armor
35:56 Conscription
36:22 Hoardings
36:31 Crop Rotation
37:04 Halberdier
38:21 Arrowslits
39:07 Architecture
39:31 Plate Barding Armor
39:56 Blast Furnace
39:36 Bracer
40:19 Husbandry
40:30 Bloodlines
41:15 Light Cavalry
42:42 Town Watch
42:43 Hussar
44:42 Two-Man Saw
47:02 Padded Archer Armor
47:16 Thunderclap Bombs
47:26 Town Patrol
49:34 Stone Shaft Mining
49:02 Fortified Bastions
Tomachela
10:16 Feudal Age
11:17 Double-Bit Axe
15:14 Wheelbarrow
15:33 Gold Mining
15:36 Stone Mining
18:50 Castle Age
17:35 Loom
21:06 Husbandry
21:15 Scale Barding Armor
21:21 Forging
23:18 Bow Saw
23:21 Forging
24:48 Hand Cart
26:27 Elite Skirmisher
28:39 Padded Archer Armor
30:03 Ballistics
29:40 Murder Holes
30:32 Iron Casting
30:18 Chain Barding Armor
31:41 Town Watch
36:18 Imperial Age
36:01 Gold Shaft Mining
37:33 Cavalier
41:11 Capped Ram
43:30 Chemistry
46:42 Paladin
48:24 Blast Furnace
53:53 Onager
Connection lost

Rejoining the realm…

Still unreachable

The connection could not be restored.

Session expired

The server has moved on; the page needs a fresh start.